[Event "Late-Titled-Tuesday-Blitz-January-23-2024"]
[Site "Chess.com"]
[Date "2024.01.23"]
[Round "9"]
[White "shimastream"]
[Black "Polish_fighter3000"]
[Result "0-1"]
[WhiteElo "3004"]
[BlackElo "3102"]
[TimeControl "180+1"]
[EndTime "15:42:10 PST"]
[Termination "Polish_fighter3000 won by checkmate"]

1. e4 d6 2. d4 Nf6 3. f3 g6 4. c4 Bg7 5. Be3 O-O 6. Ne2 c5 7.
d5 e6 8. Nec3 exd5 9. cxd5 Nbd7 10. Nd2 Ne5 11. Be2 h6 12. O-O g5 13. a4 a6 14. Qc2 Rb8 15. a5 b5 16. axb6 Rxb6 17.
b3 Qe7 18. Rfe1 Nh5 19. Nc4 Rb4 20. Bd2 Nf4 21. Bf1 f5 22. exf5 Bxf5 23. Ne4 Nh3+ 24.
Kh1 Nf2+ 25. Kg1 Nh3+ 26. Kh1 Bxe4 27. fxe4 Nf2+ 28. Kg1 Neg4 29. Bc3 Bd4 30. Bxd4 cxd4 31. Rxa6 d3 32. Qc3 Qf7 33. Qd4 Nxh2 34. Kxh2 Qh5+ 35.
Kg1 Qh1# 0-1

[Event "Late-Titled-Tuesday-Blitz-January-23-2024"]
[Site "Chess.com"]
[Date "2024.01.23"]
[Round "9"]
[White "IsaqueGoncalvesSanto"]
[Black "katharinareinecke"]
[Result "1-0"]
[WhiteElo "1799"]
[BlackElo "1984"]
[TimeControl "180+1"]
[EndTime "15:42:10 PST"]
[Termination "IsaqueGoncalvesSanto won on time"]

1. d4 d5 2. c4 c6 3. Nc3 e6 4. e3 Nf6 5. Bd3 dxc4 6. Bxc4 b5 7. Bd3 Bb7 8. a3 Be7 9. Bd2 O-O 10. Nf3 a6 11. b4 a5 12. Ne2 axb4 13. axb4 Nbd7 14. O-O Nd5 15. Qb3 N5b6 16. Ng3 Ra4 17. Rxa4 Nxa4 18.
Ne4 Nf6 19. Nc5 Nxc5 20. bxc5 Qc7 21. Ne5 Ra8 22. f4 Nd5 23. e4 Nf6 24. g4 g6 25.
Bc3 Bc8 26. h4 h5 27. g5 Ne8 28. Bb2 Ng7 29. Bb1 Bd8 30. Qc3 f6 31. Nxg6 fxg5 32. hxg5 Kh7 33. e5 Kg8 34. Nh4 Qf7 35. Ng2 Nf5 36. Qh3 Bd7 37. Bxf5 exf5 38. Ne3 1-0

[Event "Late-Titled-Tuesday-Blitz-January-23-2024"]
[Site "Chess.com"]
[Date "2024.01.23"]
[Round "9"]
[White "brunoo2003"]
[Black "bescmelasti"]
[Result "1-0"]
[WhiteElo "2553"]
[BlackElo "2692"]
[TimeControl "180+1"]
[EndTime "15:42:12 PST"]
[Termination "brunoo2003 won on time"]

1. d4 d5 2. c4 Nc6 3. Nf3 Bg4 4.
cxd5 Bxf3 5. dxc6 Bxc6 6. Nc3 Nf6 7. Bg5 Qd6 8. e3 e5 9. Bxf6 Qxf6 10. d5 Bd7 11.
Bb5 Bxb5 12. Nxb5 Bb4+ 13. Nc3 O-O 14. O-O Bxc3 15. bxc3 e4 16. c4 Rad8 17. Qb3 b6 18.
a4 Rfe8 19. a5 Re5 20. axb6 axb6 21. Ra7 Rh5 22. h3 Rg5 23. Rfa1 h5 24. Ra8 Rxa8 25. Rxa8+ Kh7 26. Qd1 h4 27. Re8 Qg6 28. Qf1 Qf5 29. Kh1 g6 30. Qa1 f6 31. Qa8 Qe5 32. Rh8+ 1-0

[Event "Late-Titled-Tuesday-Blitz-January-23-2024"]
[Site "Chess.com"]
[Date "2024.01.23"]
[Round "9"]
[White "Rawnsdale"]
[Black "rikchessmx"]
[Result "1-0"]
[WhiteElo "2533"]
[BlackElo "2404"]
[TimeControl "180+1"]
[EndTime "15:42:12 PST"]
[Termination "Rawnsdale won on time"]

1. e4 c5 2. Nf3 e6 3. d4 cxd4 4. Nxd4 a6 5. Nc3 Qc7 6. Be3 Nf6 7. Nb3 b5 8. Bd3 Bb7 9. O-O h5 10. Qf3 Nc6 11. Bf4 Ne5 12. Qe2 Bd6 13. h3 Nxd3 14. Bxd6 Qxd6 15. cxd3 Qf4 16. g3 Qg5 17. Kh2 b4 18.
Nd1 h4 19. g4 Qf4+ 20. Kg2 d5 21. Nc5 Bc6 22. Qe3 Qxe3 23. Nxe3 dxe4 24. d4 Nd5 25. Rac1 Nf4+ 26. Kh2 Bb5 27. Rfd1 Bd3 28. Nxd3 Nxd3 29. Rc2 Ke7 30. f3 Rhc8 31. Rcd2 Nf4 32.
fxe4 a5 33. d5 e5 34. Nf5+ Kf8 35. d6 g6 36. Ne3 Rd8 37. Nc4 1-0

[Event "Late-Titled-Tuesday-Blitz-January-23-2024"]
[Site "Chess.com"]
[Date "2024.01.23"]
[Round "9"]
[White "Ducke13"]
[Black "tigurones"]
[Result "0-1"]
[WhiteElo "2307"]
[BlackElo "2480"]
[TimeControl "180+1"]
[EndTime "15:42:15 PST"]
[Termination "tigurones won on time"]

1. d4 d5 2. g3 Nf6 3. Nf3 b6 4. Bg2 Bb7 5. O-O e6 6. c4 Be7 7. cxd5 Nxd5 8. Re1 O-O 9. e4 Nf6 10. Nc3 c5 11. d5 exd5 12. exd5 Bd6 13. Ng5 Nbd7 14.
Qd3 Ne5 15. Qc2 Re8 16. Bf4 Ba6 17. Bxe5 Bxe5 18. Rad1 Bd4 19. Rxe8+ Qxe8 20. d6 Rd8 21.
Nd5 g6 22. Nc7 Qe2 23. Qxe2 Bxe2 24. Re1 Bg4 25. Re7 Rxd6 26. Nxf7 Kf8 27. Nxd6 Kxe7 28. Ndb5 Bxb2 29. Nxa7 c4 30. Nab5 c3 31. Nd4 Bf5 0-1

[Event "Late-Titled-Tuesday-Blitz-January-23-2024"]
[Site "Chess.com"]
[Date "2024.01.23"]
[Round "9"]
[White "The_Straightforward_Rook"]
[Black "Maect19"]
[Result "1-0"]
[WhiteElo "2460"]
[BlackElo "2315"]
[TimeControl "180+1"]
[EndTime "15:42:16 PST"]
[Termination "The_Straightforward_Rook won on time"]

1. e4 e6 2. b3 d5 3. Bb2 dxe4 4. Nc3 Nf6 5. Qe2 Bd7 6. Nxe4 Nxe4 7. Qxe4 Bc6 8. Qe3 Nd7 9. O-O-O Nb6 10. Qg3 Qd6 11. Be5 Qa3+ 12. Kb1 Bd6 13. Qxg7 O-O-O 14. Bb2 Qc5 15.
d4 Qf5 16. Nh3 Rhg8 17. Qh6 Be4 18. Bd3 Bxd3 19. Rxd3 Rxg2 20. f4 Nd5 21. Qh4 Nb4 22. Nf2 Nxd3 23. Nxd3 Rg4 24. Qe1 Rdg8 25. a4 Bxf4 26. Ka2 Bd6 27. Rf1 Qg6 28. Ne5 Bxe5 29. Qxe5 Qxc2 30. Rc1 Qxc1 31. Bxc1 Rg2+ 32. Ka3 Rc2 33.
Bf4 Rgg2 34. Qh8+ Kd7 35. Qxh7 Ke7 36. Qh4+ f6 37. Qh7+ Ke8 38. Bxc7 b6 39. Bd6 Kd8 40. Qe7+ Kc8 41. Qxe6+ Kb7 42. Qd5+ Ka6 43. Qb5+ Kb7 44. Qd7+ Ka6 45. Kb4 Rgd2 46. Bb8 1-0

[Event "Late-Titled-Tuesday-Blitz-January-23-2024"]
[Site "Chess.com"]
[Date "2024.01.23"]
[Round "9"]
[White "pr1105"]
[Black "szachmistrz2500"]
[Result "1-0"]
[WhiteElo "2344"]
[BlackElo "2496"]
[TimeControl "180+1"]
[EndTime "15:42:17 PST"]
[Termination "pr1105 won by checkmate"]

1. e4 c5 2. Nf3 d6 3. d4 cxd4 4. Nxd4 Nf6 5. Nc3 a6 6. f3 e5 7. Nb3 Be6 8. Be3 Nbd7 9. g4 Nb6 10. g5 Nfd7 11. Qd2 Nc4 12. Bxc4 Bxc4 13. O-O-O b5 14. Nd5 Rc8 15. h4 Bxd5 16. exd5 Be7 17. Na5 O-O 18. Nc6 Qe8 19. Rhg1 Nb8 20. Na5 Bd8 21. Kb1 Bxa5 22. Qxa5 Qd8 23. Qd2 Nd7 24. h5 Nb6 25. b3 Nd7 26. f4 exf4 27. Bxf4 Qc7 28.
Qh2 Ne5 29. h6 g6 30. Bxe5 dxe5 31. Rge1 f6 32. d6 Qc3 33. gxf6 Rxf6 34. d7 Rd8 35. Rxe5 Kf8 36. Qe2 Qc6 37. Re8+ Rxe8 38. Qxe8# 1-0

[Event "Late-Titled-Tuesday-Blitz-January-23-2024"]
[Site "Chess.com"]
[Date "2024.01.23"]
[Round "9"]
[White "rionelG"]
[Black "Fh2411"]
[Result "0-1"]
[WhiteElo "2258"]
[BlackElo "2564"]
[TimeControl "180+1"]
[EndTime "15:42:18 PST"]
[Termination "Fh2411 won on time"]

1. e4 c6 2. d4 d5 3. e5 Bf5 4.
Nf3 e6 5. Be2 Nd7 6. O-O Ne7 7. Nbd2 h6 8. Re1 Bh7 9. Nb3 Rc8 10. Bd2 Nf5 11. a4 Be7 12. a5 a6 13.
h3 c5 14. dxc5 Nxc5 15. Nxc5 Bxc5 16. Bd3 O-O 17. Rc1 Nh4 18. Bxh7+ Kxh7 19. Be3 Nf5 20. Qd3 Bxe3 21. Rxe3 Kg8 22. Ree1 Qxa5 23. c3 Qb6 24.
g4 Ne7 25. Nd4 Nc6 26. f4 Nxd4 27. Qxd4 Qxb2 28. f5 Rc4 29. Qe3 Re4 30. Qg3 Rc8 31. f6 g5 32. Qd3 Rxe1+ 33. Rxe1 Qxc3 0-1

[Event "Late-Titled-Tuesday-Blitz-January-23-2024"]
[Site "Chess.com"]
[Date "2024.01.23"]
[Round "9"]
[White "deloewre"]
[Black "AndresDelgado77"]
[Result "1-0"]
[WhiteElo "2020"]
[BlackElo "2384"]
[TimeControl "180+1"]
[EndTime "15:42:20 PST"]
[Termination "deloewre won by resignation"]

1. c4 g6 2. d4 Bg7 3. Nc3 d6 4. e4 Nf6 5. Be2 O-O 6. Be3 e5 7. d5 a5 8. g4 Na6 9. h4 Nc5 10.
f3 h5 11. g5 Nfd7 12. Nh3 Qe7 13. Qd2 a4 14. Nf2 f5 15. O-O-O f4 16. Bxc5 Nxc5 17.
Nd3 b6 18. Nxc5 bxc5 19. a3 Bd7 20. Bd3 Rfb8 21. Nb5 Qd8 22. Kb1 Bf8 23. Rc1 Be7 24. Rc2 Rb7 25. Rhc1 Bxb5 26. cxb5 Qd7 27. Bc4 Qh3 28. Qf2 Rf8 29. Rd2 Qg3 30. Rg1 Qxf2 31. Rxf2 Ra7 32. Rc2 Kf7 33. Rgc1 Rb8 34. Ka2 Ke8 35.
b3 axb3+ 36. Kxb3 Rba8 37. Ra2 Ra4 38. b6 R4a5 39. bxc7 Rb8+ 40. Kc3 Kd7 41. cxb8=Q 1-0

[Event "Late-Titled-Tuesday-Blitz-January-23-2024"]
[Site "Chess.com"]
[Date "2024.01.23"]
[Round "9"]
[White "Harry_Rakkel"]
[Black "sergiochess83"]
[Result "1-0"]
[WhiteElo "2721"]
[BlackElo "2871"]
[TimeControl "180+1"]
[EndTime "15:42:21 PST"]
[Termination "Harry_Rakkel won by resignation"]

1. e4 e5 2. Nf3 Nc6 3. Bc4 Bc5 4. O-O Nf6 5. d3 d6 6. c3 a5 7.
Nbd2 O-O 8. h3 h6 9. Re1 Be6 10.
a4 Ba7 11. Qb3 Qd7 12. Nf1 Bxc4 13. Qxc4 Qe6 14. Qb5 Rab8 15. Be3 Bxe3 16. Nxe3 Qd7 17.
Nd5 Nh7 18. d4 exd4 19. Nxd4 Kh8 20. Rad1 Rfe8 21. Nf5 Ng5 22. f3 Ne6 23. Rd2 Qd8 24. Red1 Kh7 25. Kh1 h5 26. Nfe3 Qg5 27. Nc4 Ne5 28.
Nxe5 Qxe5 29. Qc4 Rbd8 30. Rf1 c6 31. Ne3 d5 32. Qe2 Nf4 33. Qf2 dxe4 34. Rxd8 Rxd8 35. fxe4 Nd3 36. Qf3 Rd7 37. Nf5 Nc5 38. Qxh5+ Kg8 39. Nh6+ 1-0

[Event "Late-Titled-Tuesday-Blitz-January-23-2024"]
[Site "Chess.com"]
[Date "2024.01.23"]
[Round "9"]
[White "howitzer14"]
[Black "tgpgoat"]
[Result "1-0"]
[WhiteElo "2948"]
[BlackElo "2430"]
[TimeControl "180+1"]
[EndTime "15:42:21 PST"]
[Termination "howitzer14 won by resignation"]

1. d4 Nf6 2. c4 e6 3. Nc3 Bb4 4. f3 O-O 5. e4 Bxc3+ 6. bxc3 d6 7. Bd3 e5 8. Ne2 Nc6 9. Bg5 h6 10. Bh4 g5 11. Bf2 Kg7 12. c5 dxc5 13. d5 Ne7 14. Bxc5 Nd7 15. Ba3 c6 16. O-O Re8 17. c4 cxd5 18. cxd5 b6 19. Rc1 Bb7 20. Ng3 Nc5 21.
Bb5 Rf8 22. Rxc5 bxc5 23. Bxc5 Rc8 24. Bxe7 Qb6+ 25. Kh1 Qxb5 26. Nf5+ Kh7 27. Bxf8 Rxf8 28. Qb1 Ba6 29. Qxb5 Bxb5 30. Rb1 a6 31. Rc1 Rb8 32.
h3 Bd7 33. Rc7 Bxf5 34. Rxf7+ Kg6 35. Rxf5 Re8 36. h4 Re7 37. Kh2 Re8 38. Kh3 Re7 39. a4 Re8 40. a5 Re7 41. hxg5 hxg5 42. Kg4 Rc7 43. Rxe5 Kf6 44. Rf5+ Ke7 45. Kxg5 Rc5 46.
d6+ Kxd6 47. Rxc5 Kxc5 48. e5 1-0

[Event "Late-Titled-Tuesday-Blitz-January-23-2024"]
[Site "Chess.com"]
[Date "2024.01.23"]
[Round "9"]
[White "el008"]
[Black "egnfanclub"]
[Result "0-1"]
[WhiteElo "2439"]
[BlackElo "2385"]
[TimeControl "180+1"]
[EndTime "15:42:21 PST"]
[Termination "egnfanclub won by checkmate"]

1. b3 e5 2. Bb2 d6 3. e3 f5 4.
d4 e4 5. d5 Nf6 6. c4 Be7 7.
Ne2 O-O 8. h4 c6 9. Nf4 cxd5 10.
cxd5 Na6 11. a3 Bd7 12. b4 Nc7 13. Nc3 a5 14. b5 a4 15. Bc4 Qe8 16. Qe2 Kh8 17.
g3 Ng4 18. Rb1 Ne5 19. Ba1 Nf3+ 20. Kf1 Bf6 21. b6 Na6 22. Nb5 Bxa1 23. Rxa1 Qe5 24.
Kg2 Nc5 25. Nc7 Rac8 26. h5 Qf6 27. Rab1 Ne5 28. Rb4 Nxc4 29. Qxc4 Qe5 30. Qe2 Kg8 31. Rbb1 Qf6 32. Qd1 Rf7 33. Rb4 Qd8 34. Nfe6 Qe7 35. Nd4 Qe5 36. Rb2 Nd3 37. Rd2 f4 38. exf4 Qxd4 39.
Ne6 Bxe6 40. dxe6 Re7 41. h6 gxh6 42. Rxh6 Qg7 43. Qh5 Nxf4+ 44. Kh2 Nxh5 45. Rxh5 Rxe6 46. Kg2 Qg6 47. Ra5 d5 48. Rdxd5 Rxb6 49. Rd7 Rb2 50. Rxa4 Rf8 51. Rxb7 Rfxf2+ 52. Kg1 Rxb7 53. Kxf2 Qf5+ 54. Ke3 Rb3+ 55. Kd4 Qf2+ 56. Kxe4 Qe3+ 57. Kd5 Rxa3 58. Rb4 Qd3+ 59. Kc6 Ra6+ 60. Kb7 Qc3 61. Rg4+ Rg6 62. Re4 Qf3 63. Kc7 Qxe4 64. Kd7 Qg4+ 65. Ke7 Qxg3 66. Kd7 Qe3 67. Kc7 Re6 68. Kb7 Qd4 69.
Kb8 Rc6 70. Kb7 Qc5 71. Kb8 Qb5+ 72. Ka8 Ra6# 0-1

[Event "Late-Titled-Tuesday-Blitz-January-23-2024"]
[Site "Chess.com"]
[Date "2024.01.23"]
[Round "9"]
[White "FairChess_on_YouTube"]
[Black "SpeedofLight0"]
[Result "1/2-1/2"]
[WhiteElo "3094"]
[BlackElo "2978"]
[TimeControl "180+1"]
[EndTime "15:42:22 PST"]
[Termination "Game drawn by repetition"]

1. c4 Nf6 2. Nc3 e6 3. e4 d5 4. e5 d4 5. exf6 dxc3 6. bxc3 Qxf6 7. Nf3 e5 8. Bd3 Nc6 9. O-O Bf5 10. Bxf5 Qxf5 11.
d4 Be7 12. Re1 O-O-O 13. Be3 b6 14. Qa4 Kb7 15. d5 Nb8 16. Nxe5 Bf6 17. Bd4 Rhe8 18. Nc6 Rxe1+ 19. Rxe1 Nxc6 20. Qxc6+ Kb8 21. Bxf6 gxf6 22. g3 Qc8 23. Re7 Rd6 24. Qa4 Kb7 25. Rxf7 Qf5 26. Qe8 Qb1+ 27. Kg2 Qd3 28. Qe7 Ka6 29. Rxh7 Qxc4 30.
Qxc7 Qe4+ 31. Kg1 Qe1+ 32. Kg2 Qe4+ 33. f3 Qc2+ 34. Kh3 Qf5+ 35. g4 Qxf3+ 36. Kh4 Qf2+ 37. Kh3 Qf3+ 38. Kh4 Qf2+ 39. Kh3 Qf3+ 1/2-1/2

[Event "Late-Titled-Tuesday-Blitz-January-23-2024"]
[Site "Chess.com"]
[Date "2024.01.23"]
[Round "9"]
[White "Hrant_ChessMood"]
[Black "Jospem"]
[Result "0-1"]
[WhiteElo "2916"]
[BlackElo "3091"]
[TimeControl "180+1"]
[EndTime "15:42:24 PST"]
[Termination "Jospem won on time"]

1. Nf3 Nf6 2. c4 d6 3. d4 g6 4. g3 Bg7 5. Bg2 O-O 6. O-O c6 7. Nc3 Bf5 8. Ne1 e5 9. d5 cxd5 10. Nxd5 Nxd5 11. Bxd5 Nc6 12. Nc2 Bh3 13. Bg2 Bxg2 14.
Kxg2 Qc7 15. b3 a6 16. Ba3 Rfd8 17. Ne3 b5 18. Qd3 e4 19. Qxe4 b4 20. Nd5 Qa5 21. Bxb4 Nxb4 22. Nxb4 Qxb4 23. Rad1 Rab8 24. Rd5 Re8 25.
Qf3 Qa3 26. Rd2 a5 27. Rb1 a4 28. h4 h5 29. Qd3 axb3 30. axb3 Qa8+ 31. Qf3 Qa6 32. Rd3 Re6 33. Rbd1 Bf8 34. Rc3 Qa2 35. Rcd3 Qxe2 36. Rc3 Qxf3+ 37. Kxf3 Rb6 38. Rcd3 Re8 39. Rb1 Rb4 40. Rd5 Reb8 41. Rd3 Rxc4 0-1

[Event "Late-Titled-Tuesday-Blitz-January-23-2024"]
[Site "Chess.com"]
[Date "2024.01.23"]
[Round "9"]
[White "diamonds13"]
[Black "azikom"]
[Result "0-1"]
[WhiteElo "2395"]
[BlackElo "2701"]
[TimeControl "180+1"]
[EndTime "15:42:24 PST"]
[Termination "azikom won by checkmate"]

1. d4 d6 2. e4 e5 3. d5 Be7 4. g3 Bg5 5. h4 Bxc1 6. Qxc1 Ne7 7. Nh3 O-O 8. Ng5 h6 9. Nf3 f5 10. Bd3 Na6 11. Nc3 Nc5 12. Qe3 fxe4 13. Bxe4 Nxe4 14. Nxe4 Nxd5 15. Qb3 Be6 16. Nfg5 hxg5 17. Nxg5 Qd7 18.
O-O-O Nf4 19. Qf3 Nd5 20. Qh5 Nf6 21. Qe2 Rae8 22. f3 Nh7 23. g4 Qe7 24. Qe4 Nxg5 25. hxg5 Qxg5+ 26. Kb1 Qf4 27. Qh7+ Kf7 28. g5 Ke7 29.
Qxg7+ Rf7 30. Qh6 Kd7 31. g6 Qxh6 32. gxf7 Qf8 33. fxe8=Q+ Qxe8 34. Rh7+ Kc6 35. Rdh1 b5 36. R7h6 Kb6 37. Rf6 Bd5 38. b3 Qc6 39. Rh3 Qc5 40.
Rh1 a5 41. Rf8 a4 42. Rc1 a3 43. c4 bxc4 44. bxc4 Qb4+ 45. Ka1 Qb2# 0-1

[Event "Late-Titled-Tuesday-Blitz-January-23-2024"]
[Site "Chess.com"]
[Date "2024.01.23"]
[Round "9"]
[White "GothamChess"]
[Black "FredddieCroderg"]
[Result "1-0"]
[WhiteElo "2755"]
[BlackElo "2392"]
[TimeControl "180+1"]
[EndTime "15:42:30 PST"]
[Termination "GothamChess won on time"]

1. e4 c6 2. d4 d5 3. Nc3 dxe4 4. Nxe4 Nf6 5. Ng5 Bf5 6. N1f3 h6 7. Nxf7 Kxf7 8. Ne5+ Kg8 9. Bc4+ Nd5 10. Qf3 e6 11. g4 Qf6 12. gxf5 Qxf5 13. c3 Bd6 14. Rg1 Bxe5 15. Qxf5 exf5 16. dxe5 Nd7 17. f4 Kh7 18. h4 Nf8 19. Bd3 Ne7 20. h5 Ne6 21. Be3 Rad8 22. Bc2 Rhf8 23. Ke2 Nd5 24. Kf3 Nxe3 25.
Kxe3 Nc5 26. b4 Ne6 27. Rg6 Nc7 28. Bb3 Nd5+ 29. Bxd5 Rxd5 30. Rag1 Rf7 31. c4 Rdd7 32. a4 Rde7 33. b5 Rf8 34. bxc6 bxc6 35. Rxc6 Rb8 36.
Kd4 Rb3 37. Rf1 Ra3 38. Ra6 Ra2 39. e6 Re2 40. Kd5 Re4 41. c5 Re8 42. Rd6 Rc8 43. Rc1 Rxa4 44. e7 Rxf4 45. Re6 1-0

[Event "Late-Titled-Tuesday-Blitz-January-23-2024"]
[Site "Chess.com"]
[Date "2024.01.23"]
[Round "9"]
[White "Vladimir_2020"]
[Black "bazar-wokzal"]
[Result "1-0"]
[WhiteElo "2722"]
[BlackElo "2596"]
[TimeControl "180+1"]
[EndTime "15:42:31 PST"]
[Termination "Vladimir_2020 won on time"]

1. Nf3 c5 2. e4 d6 3. Bb5+ Nd7 4. a4 Nf6 5. Nc3 g6 6. O-O Bg7 7. a5 O-O 8. a6 bxa6 9. Bxa6 Qb6 10. Bxc8 Rfxc8 11. d3 a5 12. Re1 Qc6 13. e5 Nd5 14. Nxd5 Qxd5 15. exd6 exd6 16. Ra4 Nb6 17. Rae4 a4 18. Nd2 Qc6 19. Qf3 d5 20. Re7 Qf6 21. Qh3 Bf8 22.
R7e2 a3 23. bxa3 Na4 24. Nf3 Nc3 25. Re5 Bd6 26. Bg5 Bxe5 27. Bxf6 Bxf6 28. g3 Rcb8 29. Qd7 Kg7 30. Ne5 Bxe5 31. Rxe5 Rxa3 32. Qc7 Rf8 33. Qxc5 Ra1+ 34. Kg2 Nd1 35. Qd4 Rc1 36.
Re8+ Kg8 37. Rxf8+ Kxf8 38. Qb4+ Kg7 39. Qd4+ Kg8 40. c4 dxc4 41. dxc4 Nc3 42. Qd2 1-0

[Event "Late-Titled-Tuesday-Blitz-January-23-2024"]
[Site "Chess.com"]
[Date "2024.01.23"]
[Round "9"]
[White "iturrizaga"]
[Black "DavidGavrilescu18"]
[Result "1-0"]
[WhiteElo "3023"]
[BlackElo "2818"]
[TimeControl "180+1"]
[EndTime "15:42:32 PST"]
[Termination "iturrizaga won by checkmate"]

1. c4 e6 2. Nf3 d5 3. e3 Nf6 4. b3 c5 5. Bb2 Nc6 6. cxd5 exd5 7. Bb5 Bd6 8. O-O O-O 9. d4 cxd4 10. Nxd4 Bc7 11. Nd2 Qd6 12. N4f3 Bg4 13. h3 Bh5 14. Rc1 Rfe8 15. Bxc6 bxc6 16. Qc2 Rac8 17. Rfd1 Ba5 18. Bc3 Bb6 19. Qf5 Bg6 20. Qg5 h6 21. Qh4 Ne4 22.
Bd4 c5 23. Bb2 Qe6 24. Nxe4 Bxe4 25. Nd2 Bg6 26. Nf1 Rcd8 27. Ng3 Kh7 28. Ne2 d4 29. Nf4 Qf5 30. exd4 cxd4 31. Qg3 Rd6 32. Nd3 Rde6 33. Rd2 Re2 34. Rcd1 Rxd2 35. Rxd2 Re7 36. Qf4 Re1+ 37.
Kh2 Qd7 38. Qg3 Bc7 39. Nf4 d3 40.
Qf3 Be4 41. Qg3 Qf5 42. Qxg7# 1-0

[Event "Late-Titled-Tuesday-Blitz-January-23-2024"]
[Site "Chess.com"]
[Date "2024.01.23"]
[Round "9"]
[White "GoltsevDmitry2000"]
[Black "MokshanovAlexey"]
[Result "1-0"]
[WhiteElo "2823"]
[BlackElo "2641"]
[TimeControl "180+1"]
[EndTime "15:42:33 PST"]
[Termination "GoltsevDmitry2000 won on time"]

1. e4 e6 2. d4 d5 3. exd5 exd5 4.
Nf3 Nf6 5. c4 Be7 6. Nc3 O-O 7.
Bd3 Bg4 8. O-O dxc4 9. Bxc4 Nbd7 10. Bg5 c6 11. Re1 Nb6 12. Bb3 Nfd5 13. Bxe7 Nxe7 14.
Qd3 Ned5 15. Ne5 Be6 16. Bc2 Qh4 17. a3 Rad8 18. Rad1 Ne7 19. g3 Qh6 20. Qf3 Ng6 21.
h4 Nxe5 22. Rxe5 g6 23. Ne4 Bd5 24. Nf6+ Kh8 25. Qg4 Qg7 26. Qf4 Be6 27. h5 h6 28.
hxg6 fxg6 29. Rxe6 Nd5 30. Nxd5 Rxf4 31. Nxf4 g5 32.
Ng6+ Kg8 33. Re7 Qf6 34. Rde1 h5 35. Bb3+ Rd5 36. Bxd5+ cxd5 37. R1e6 Qf3 38. Rd7 Qd1+ 39. Kg2 1-0

[Event "Late-Titled-Tuesday-Blitz-January-23-2024"]
[Site "Chess.com"]
[Date "2024.01.23"]
[Round "9"]
[White "Kostukov_Alex"]
[Black "Inepton_Fermion"]
[Result "1-0"]
[WhiteElo "2317"]
[BlackElo "2429"]
[TimeControl "180+1"]
[EndTime "15:42:33 PST"]
[Termination "Kostukov_Alex won by resignation"]

1. g3 g6 2. Bg2 Bg7 3. c4 d6 4. d4 Nf6 5. Nc3 O-O 6. Nf3 Nc6 7.
O-O Bf5 8. d5 Nb8 9. Nd4 Bd7 10.
e4 e5 11. dxe6 fxe6 12. Nc2 Nc6 13. h3 Ne5 14. b3 Bc6 15. Re1 b6 16. Nd4 Bb7 17. Nxe6 Qe7 18. Nxf8 Rxf8 19. Nd5 Bxd5 20. exd5 Qf7 21. f4 Ned7 22. Bb2 a5 23. Kh2 Nc5 24. Qc2 Bh6 25. a3 Ncd7 26. Re6 Nh5 27. Rf1 Nxg3 28. Kxg3 Bxf4+ 29. Kf3 Nc5 30. Ke2 Nxe6 31. dxe6 Qxe6+ 32. Kd1 Be5 33. Bd5 Qxd5+ 34. cxd5 Rxf1+ 35. Ke2 Rf4 36. Bxe5 dxe5 37. Qxc7 Re4+ 38. Kf3 Rf4+ 39. Kg3 Rf5 40. Qe7 Rf7 41. Qxe5 Kf8 42. d6 Rf5 43. Qh8+ Kf7 44. Qxh7+ Ke6 45. Qe7+ Kd5 46. d7 1-0

[Event "Late-Titled-Tuesday-Blitz-January-23-2024"]
[Site "Chess.com"]
[Date "2024.01.23"]
[Round "9"]
[White "alexgo05"]
[Black "ProChessWICTH"]
[Result "0-1"]
[WhiteElo "2381"]
[BlackElo "2521"]
[TimeControl "180+1"]
[EndTime "15:42:37 PST"]
[Termination "ProChessWICTH won by resignation"]

1. c4 Nf6 2. Nc3 d5 3. cxd5 Nxd5 4. e4 Nb6 5. d4 g6 6. Be3 Bg7 7. h3 O-O 8. Nf3 Nc6 9. Be2 e5 10. dxe5 Nxe5 11. Nxe5 Bxe5 12. Qc2 c6 13. Rd1 Qc7 14. O-O Bf4 15. Bxf4 Qxf4 16. Bf3 Bxh3 17. e5 Bf5 18.
Qb3 Qxe5 19. Rfe1 Qf6 20. a4 Rab8 21. a5 Nd7 22. g4 Be6 23. Rxe6 fxe6 24. Rxd7 Qxf3 25.
Qxe6+ Rf7 26. Ne4 Rf8 27. g5 Qf5 28. Nf6+ Kg7 29. Rxf7+ Rxf7 30. Qe3 h6 31. Ne8+ Kf8 32. gxh6 Qg4+ 33. Kf1 Qd1+ 34. Kg2 Qd5+ 35. Kg1 Qd1+ 36. Kg2 Qd5+ 37. Kh2 Re7 38. Nf6 Rxe3 39. Nxd5 Re2 40. h7 Kg7 41. Kg3 Rxb2 42. Nf6 Kh8 43. f4 Rb5 44. Kg4 Rxa5 45. Kh4 Rf5 46. Kg4 Rxf6 0-1

[Event "Late-Titled-Tuesday-Blitz-January-23-2024"]
[Site "Chess.com"]
[Date "2024.01.23"]
[Round "9"]
[White "Herman-NY"]
[Black "iulik86"]
[Result "0-1"]
[WhiteElo "2484"]
[BlackElo "2602"]
[TimeControl "180+1"]
[EndTime "15:42:39 PST"]
[Termination "iulik86 won on time"]

1. e4 c5 2. Nf3 Nc6 3. Bb5 Nf6 4.
Nc3 Qc7 5. O-O Nd4 6. Nxd4 cxd4 7. Nd5 Nxd5 8. exd5 Qc5 9. c4 dxc3 10. Qb3 a6 11.
Be2 e6 12. Bf3 Be7 13. dxc3 O-O 14. Be3 Qc7 15. Bb6 Qf4 16. Rfe1 Bd6 17. h3 Qh2+ 18. Kf1 Bc7 19. Bxc7 Qxc7 20. Rad1 d6 21. dxe6 Bxe6 22. Rxe6 fxe6 23. Qxe6+ Kh8 24. Qxd6 Qc4+ 25. Qd3 Qxa2 26.
b4 Rac8 27. Kg1 Qb2 28. c4 Qxb4 29. Bd5 b5 30. Qd4 Qc5 31. Qh4 bxc4 32. Be4 h6 33.
Rd5 Qc7 34. Qg4 Qf7 35. Rf5 Qe8 36. Rd5 Rf6 37. Rd7 Qf8 38. Bb1 Rxf2 39. Qe4 Rf1+ 40. Kh2 Rxb1 41. Qxb1 c3 42. Qc2 Qf4+ 43. Kh1 Qf1+ 44.
Kh2 Qf4+ 45. Kh1 a5 46. Rd3 Qc4 47. Rg3 a4 48. Qg6 Qc7 0-1

[Event "Late-Titled-Tuesday-Blitz-January-23-2024"]
[Site "Chess.com"]
[Date "2024.01.23"]
[Round "9"]
[White "PawnEatingZombie"]
[Black "kai_nov"]
[Result "1-0"]
[WhiteElo "2119"]
[BlackElo "2273"]
[TimeControl "180+1"]
[EndTime "15:42:39 PST"]
[Termination "PawnEatingZombie won by checkmate"]

1. e4 c5 2. c3 Nf6 3. e5 Nd5 4.
Nf3 Nc6 5. Bc4 Nb6 6. Bb3 d5 7. exd6 Qxd6 8. O-O c4 9. Bc2 Bg4 10. Re1 O-O-O 11. h3 Bh5 12. a4 Qf6 13. a5 Nd5 14. a6 b6 15. Na3 Nf4 16. Re3 Na5 17. Nb5 Kb8 18. d4 cxd3 19. Bxd3 e6 20. Nbd4 Bc5 21. Rxa5 bxa5 22. Qb3+ Bb6 23. Nc6+ Kc7 24. Nxd8 Rxd8 25. Bf1 Nd5 26. Rd3 Bg6 27. Rd1 Be4 28. Nd4 Ne7 29.
Be3 Qe5 30. Nb5+ Kc8 31. Rxd8+ Bxd8 32. Nxa7+ Kd7 33. Bb5+ Bc6 34. Nxc6 Nxc6 35. a7 Qd6 36. a8=Q Bc7 37. Qb7 Qh2+ 38. Kf1 Qh1+ 39. Ke2 Ke7 40. Qxc6 Kf6 41. Qxc7 Qb1 42. Qf4+ Kg6 43. Qg4+ Kf6 44. Qg5# 1-0

[Event "Late-Titled-Tuesday-Blitz-January-23-2024"]
[Site "Chess.com"]
[Date "2024.01.23"]
[Round "9"]
[White "mbchess97"]
[Black "Balla_Tamas"]
[Result "1-0"]
[WhiteElo "2357"]
[BlackElo "2442"]
[TimeControl "180+1"]
[EndTime "15:42:41 PST"]
[Termination "mbchess97 won by resignation"]

1. c4 c5 2. g3 Nc6 3. Bg2 g6 4. Nc3 Bg7 5. Nf3 e6 6. d4 cxd4 7. Nb5 d5 8. cxd5 exd5 9. Nbxd4 Nge7 10. O-O O-O 11. b3 Nxd4 12. Nxd4 Qb6 13. Be3 Nc6 14.
Nxc6 Qxc6 15. Bxd5 Qb5 16. Rc1 Bh3 17. Bg2 Bxg2 18.
Kxg2 Rad8 19. Qc2 Rfe8 20. Rfd1 h5 21. h4 a6 22. a4 Qe5 23. Rxd8 Rxd8 24. Qc7 Qd5+ 25.
Kh2 Re8 26. Qc4 Qf5 27. Qd3 Qe6 28. Rc7 b5 29. axb5 Be5 30. Rc6 Qe7 31. Bg5 Qa7 32.
Be3 Qe7 33. Bg5 Qa7 34. b6 Qb7 35. Qc4 Rf8 36. Rxg6+ Kh7 37. Rh6+ Kg7 38. Rc6 Qd7 39.
Bh6+ Kh7 40. Qe4+ Kg8 41. Qxe5 f6 42. Qe6+ Qxe6 43. Rxe6 Kh7 44. Bxf8 1-0